cohdb
Replays
Latest Replays
All Replays
Popular Replays
Top Player Replays
Match Explorer
How It Works
Community
CoH3 Stats
Reddit
Sign in to upload your games and track your stats! →
Sign in with Steam
Match 46375875
Unlisted
Match 46375875
Overview
Messages
Build Orders
End
Selects Italian Coastal Battlegroup
Selects Coastal Reserves
Coastal Reserve
Construct Infanterie Kompanie
Grenadier Squad
MG 42 Machine Gun Team
Construct Panzergrenadier Kompanie
Panzergrenadier Squad
Selects Designate Defensive Line
Panzergrenadier Squad
Panzergrenadier Officer Quarters
Selects Rapid Fortifications
Selects Artillery Officer
Rapid Fortifications
MG 42 Bunker
Pak 40 Anti-tank Gun Team
Pak 40 Anti-tank Gun Team
Construct Panzer Kompanie
Designate Defensive Line
MG 42 Machine Gun Team
Stoßtruppen Squad
Selects Obice da 210/22 Artillery Emplacement
Panzer Officer Quarters
Medical Station
Rapid Fortifications
MG 42 Bunker
Designate Defensive Line
Panzer IV Medium Tank
Selects Call the Reserves!
Panzer IV Medium Tank
Side Skirts
CAuMOH
✠Kaiser✠ tushkan
Kirill von Bibow
Ghost
0
0
Comments
sign in to comment!
No comments posted yet!